AoeStats
← Bisgarra

Arena

510016562Analyzed
2v2 RM · 5d ago on Sep 29, 2026· 55m 6s· 4 players
Game mode
Random Map
Map size
Medium (4 player)
Population
200
Speed
Normal
Resources
Standard
Victory
Conquest
Starting age
Dark Age
Ending age
Imperial Age
RankedLock teamsTeams togetherTeam positionsShared explorationLock speedFull tech treeHidden civsTurbo modeCheats
Victory
Defeat
🇧🇷 Portuguese · Brazil
916
+11
🇧🇷 Sicilians · Brazil
778
+18
🇦🇷 Bohemians · Argentina
822
-15
🇦🇷 Persians · Argentina
793
-14
Rodludo
3:21 Loom
51:22 Feudal Age
56:52 Castle Age
Fubalodoy
11:42 Feudal Age
14:23 Stone Mining
16:59 Castle Age
16:30 Horse Collar
20:33 Double-Bit Axe
20:41 Gold Mining
22:31 Bow Saw
34:35 Wheelbarrow
40:43 Imperial Age
47:06 Elite Organ Gun
48:07 Conscription
51:28 Spies/Treason
3GUR3N
1:23 Loom
12:33 Feudal Age
14:21 Wheelbarrow
13:31 Town Watch
13:29 Horse Collar
13:39 Double-Bit Axe
14:12 Man-at-Arms
17:34 Arson
17:58 Scale Mail Armor
19:45 Forging
26:48 Bloodlines
44:32 Castle Age
Bisgarra
2:35 Loom
20:19 Feudal Age
40:18 Arson
Connection lost

Rejoining the realm…

Still unreachable

The connection could not be restored.

Session expired

The server has moved on; the page needs a fresh start.